 Dungeon Crawl Stone Soup version 0.30-a0-578-gdee14c521f (webtiles) character file.

Game seed: 4731457140351690838

2780 Sabo the Covered (level 9, -6/83 HPs)
             Began as an Armataur Fighter on Dec 31, 2022.
             Was a Believer of Ashenzari.
             Mangled by an ogre
             ... wielding a +0 giant club
              (26 damage)
             ... on level 7 of the Dungeon.
             The game lasted 00:33:28 (5929 turns).

Sabo the Covered (Armataur Fighter)                 Turns: 5929, Time: 00:33:29

Health: -6/83      AC: 12    Str: 27    XL:     9   Next: 43%
Magic:  9/9        EV:  6    Int:  8    God:    Ashenzari [**....]
Gold:   246        SH:  5    Dex: 15    Spells: 8/8 levels left

rFire   . . .      SeeInvis +    a - +0 war axe
rCold   . . .      Faith    .    c - +0 buckler
rNeg    . . .      Spirit   .    w - +0 chain mail
rPois   .          Reflect  .    (no helmet)
rElec   .          Harm     .    x - scarf "Prophetic Urgency" {shadows, Bglg, Range} (curse)
rCorr   .          Roll     +    B - +1 Delatra's gloves {ID++, Self, Comp} (curse)
Will    .....                    (no barding) Stlth
                                 (no amulet)
HPRegen 0.33/turn                k - +6 ring of dexterity
MPRegen 0.11/turn                l - ring "Share My Embarrassment" {Slay+4, Comp, Bglg} (curse)

@: no status effects
A: large, rugged brown scales 3, deformed body, armoured tail, roll, long
tongue, awkward tongue
a: Renounce Religion, Curse Item, Shatter the Chains


You were on level 7 of the Dungeon.
You worshipped Ashenzari.
Ashenzari was pleased with you.
You visited 1 branch of the dungeon, and saw 7 of its levels.

You collected 246 gold pieces.

Inventory:

Hand Weapons
 a - a +0 war axe (weapon)
 m - a +2 scythe of venom
Missiles
 r - 6 poisoned darts (quivered)
 y - 3 atropa-tipped darts
 C - 5 javelins
Armour
 c - a +0 buckler (worn)
 w - a +0 chain mail (worn)
 x - the cursed scarf "Prophetic Urgency" (worn) {shadows, Bglg, Range}
   (You found it on level 3 of the Dungeon)

   It has a curse which improves the following skills: Beguiling: Conjurations,
   Hexes and Translocations.
   Ranged Combat: Ranged Weapons and Throwing.
 B - the cursed +1 Delatra's gloves (worn) {ID++, Self, Comp}
   (You found it on level 4 of the Dungeon)

   It heals its wearer when they drink unknown potions.
   It restores its wearer's MP when they read unknown scrolls.
   It has a curse which improves the following skills: Introspection: Fighting
   and Spellcasting.
   Companions: Summonings and Necromancy.
 E - a +2 pair of gloves
Jewellery
 b - a ring of wizardry
 k - a +6 ring of dexterity (left hand)
 l - the cursed ring "Share My Embarrassment" (right hand) {Slay+4, Comp, Bglg}
   (You found it on level 1 of the Dungeon)

   [ring of slaying]

   Slay:      It affects your accuracy & damage with ranged weapons and melee
   (+4).
   It has a curse which improves the following skills: Companions: Summonings
   and Necromancy.
   Beguiling: Conjurations, Hexes and Translocations.
Wands
 j - a wand of charming (8)
 o - a wand of digging (7)
 D - a wand of quicksilver (5)
Scrolls
 h - 2 scrolls of poison
 i - 5 scrolls of enchant weapon
 n - 2 scrolls of teleportation
 p - 3 scrolls of magic mapping
 q - a scroll of fear
 s - a scroll of butterflies
 v - 4 scrolls of blinking
Potions
 d - 3 potions of might
 e - 2 potions of cancellation
 f - a potion of invisibility
 g - a potion of flight
 t - 3 potions of curing
 u - 2 potions of mutation
 z - 2 potions of heal wounds
 A - 3 potions of haste


   Skills:
 + Level 5.5(6.7) Fighting
 + Level 7.8 Axes
 + Level 7.9 Armour
 + Level 1.0 Dodging
 + Level 2.5 Stealth
 + Level 5.4 Shields


You had 8 spell levels left.
You didn't know any spells.
Your spell library contained the following spells:

 Spells                   Type           Power      Damage    Failure   Level
 Necrotise                Necr           0%         1d4       93%         1
 Beastly Appendage        Tmut           0%         N/A       95%         1
 Scorch                   Fire           0%         2d5       98%         2
 Wereblood                Tmut           0%         N/A       98%         2
 Spider Form              Tmut/Pois      0%         N/A       100%        3
 Stone Arrow              Conj/Erth      0%         3d7       100%        3
 Vampiric Draining        Necr           0%         2d6       100%        3
 Animate Armour           Summ/Erth      0%         N/A       100%        4
 Flame Wave               Conj/Fire      0%         2d4       100%        4
 Agony                    Necr           0%         N/A       100%        5
 Summon Cactus Giant      Summ           0%         N/A       100%        6
 Lehudib's Crystal Spear  Conj/Erth      0%         10d2      100%        8


Dungeon Overview and Level Annotations

Branches:
Dungeon (7/15)
 Temple: D:4-7

Altars:
Ashenzari
Cheibriados
Fedhas
Hepliaklqana
Makhleb
Nemelex Xobeh
Vehumet
Xom
Yredelemnul

Shops:
D:2 (   D:3 :([   D:6 (


Innate Abilities, Weirdness & Mutations

You are completely covered in rugged brown scales. (AC +3, +7% HP)
Armour fits poorly on your strangely shaped body.
You have a long armoured tail.
You roll when moving toward enemies. (Rampage)
Your long tongue fully drains potion bottles. (2x potion effects)
Your tongue gives you trouble enunciating. (1.5x scroll delay)


Message History

The centaur barely misses you. The killer bee completely misses you.
The shadow imp hits you.
The bullfrog hits you but does no damage.
You hit the killer bee.
The killer bee is severely wounded.
You barely miss the shadow imp. You hit the centaur. You slash the bullfrog!
You kill the bullfrog!
You feel sick.
The killer bee stings you but does no damage.
The centaur hits you but does no damage.
The centaur barely misses you. The killer bee stings you.
You are more poisoned.
The killer bee poisons you!
The shadow imp hits you but does no damage.
The centaur closely misses you.
The centaur kicks you but does no damage.
You hit the ogre.
The ogre is moderately wounded.
You hit the killer bee. You barely miss the shadow imp. You slash the centaur!
You kill the centaur!
You feel very sick. The killer bee stings you.
You are more poisoned.
The killer bee poisons you!
The killer bee stings you but does no damage.
The killer bee stings you. The ogre hits you with a +0 giant club!
* * * LOW HITPOINT WARNING * * *
The shadow imp shouts, "Get thee gone, thou peeagling dread-bolted flax-wench!"
The shadow imp hits you but does no damage.
The killer bee closely misses you. The killer bee stings you.
* * * LOW HITPOINT WARNING * * *
You slurp down every last drop of the 4 potions of curing!
You feel better.
The killer bee stings you but does no damage. x2
The shadow imp hits you.
* * * LOW HITPOINT WARNING * * *
You block the killer bee's attack. The killer bee stings you.
* * * LOW HITPOINT WARNING * * *
The ogre hits you with a +0 giant club!!
You die...

, ,....[., , ,
, * #....# ,
,, , ###....##
,,* #.......#
,, ,
#.......#,,,
,,,, , ,
~#.......# , ,
~ ~ ~~ #<.#* ,
, * *
######†####..
*
#.....@5.....
,
#....Oyy.....
,
#............
,
#............,
#............
,
#............
#............
* * , ** , *


You could see an ogre, 2 killer bees and a shadow imp.

Vanquished Creatures
  The ghost of freelancePsychic the Sneak, a novice GrBr (D:5)
  Prince Ribbit (D:6)
  Sigmund (D:5)
  2 orc warriors
  3 black bears
  3 ogres
  A centaur (D:7)
  A phantom (D:6)
  Blork the orc (D:5)
  3 bullfrogs
  A necrophage (D:4)
  3 scorpions
  A killer bee (D:7)
  An orc priest (D:4)
  A hound (D:4)
  2 jellies
  Jessica (D:3)
  10 orc wizards
  A hound skeleton (D:4)
  4 gnolls (D:2)
  10 adders
  A shadow imp (D:6)
  2 white imps
  An ufetubus (D:5)
  3 worms
  4 dart slugs
  28 orcs
  5 ball pythons
  6 endoplasms
  4 giant cockroaches
  4 hobgoblins
  3 jackals (D:2)
  3 quokkas (D:4)
  9 bats
  4 frilled lizards
  10 goblins
  4 kobolds
  3 rats
146 creatures vanquished.

Vanquished Creatures (others)
  7 plants (D:5)
7 creatures vanquished.

Grand Total: 153 creatures vanquished

Notes
Turn   | Place    | Note
-------+----------+-------------------------------------------
     0 | D:1      | Sabo the Armataur Fighter began the quest for the Orb.
     0 | D:1      | Reached XP level 1. HP: 19/19 MP: 1/1
   253 | D:1      | Reached XP level 2. HP: 26/26 MP: 2/2
   771 | D:2      | Found Heus's Weapon Shoppe.
   907 | D:2      | Reached XP level 3. HP: 28/32 MP: 3/3
  1161 | D:2      | Reached XP level 4. HP: 18/39 MP: 4/4
  1416 | D:2      | Found a radiant altar of Vehumet.
  1734 | D:3      | Noticed a black bear
  1740 | D:3      | Killed a black bear
  1741 | D:3      | Reached skill level 5 in Armour
  1741 | D:3      | Reached XP level 5. HP: 48/48 MP: 5/5
  1766 | D:3      | Found Lipses's Weapon Boutique.
  1768 | D:3      | Noticed Jessica
  1774 | D:3      | Killed Jessica
  1941 | D:3      | Found a faded altar of an unknown god.
  1944 | D:3      | Found a blossoming altar of Fedhas.
  1948 | D:3      | Found a broken altar of Ashenzari.
  1959 | D:3      | Found a sparkling altar of Nemelex Xobeh.
  1965 | D:3      | Found a basalt altar of Yredelemnul.
  1971 | D:3      | Found a snail-covered altar of Cheibriados.
  1974 | D:3      | Found a hazy altar of Hepliaklqana.
  2006 | D:3      | Became a worshipper of Ashenzari the Shackled
  2053 | D:3      | Found Fafa Fya's Armour Emporium.
  2135 | D:3      | Noticed a black bear
  2141 | D:3      | Killed a black bear
  2142 | D:3      | Reached XP level 6. HP: 54/54 MP: 6/6
  2304 | D:3      | Found Dasoirok's Book Emporium.
  2641 | D:4      | Found a burning altar of Makhleb.
  2811 | D:4      | Reached XP level 7. HP: 58/60 MP: 7/7
  2848 | D:4      | Found the +1 Delatra's gloves {ID++}
  3409 | D:4      | Reached * piety under Ashenzari
  3715 | D:4      | Reached skill level 5 in Axes
  3947 | D:5      | Entered Level 5 of the Dungeon
  4044 | D:5      | Reached ** piety under Ashenzari
  4142 | D:5      | Reached skill level 1 in Stealth
  4293 | D:5      | Reached XP level 8. HP: 42/72 MP: 8/8
  4468 | D:5      | Noticed Sigmund
  4475 | D:5      | Killed Sigmund
  4729 | D:5      | Found a runed translucent door.
  4733 | D:5      | Noticed freelancePsychic's ghost (novice GrBr)
  4769 | D:5      | Found a runed translucent door.
  4841 | D:5      | Noticed Blork the orc
  4851 | D:5      | Killed Blork the orc
  4922 | D:5      | Found a shimmering altar of Xom.
  5099 | D:5      | Killed freelancePsychic's ghost
  5100 | D:5      | Reached skill level 5 in Fighting
  5100 | D:5      | Reached skill level 1 in Dodging
  5259 | D:6      | Reached skill level 5 in Shields
  5386 | D:6      | Found Guazuuc's Antique Weapon Shoppe.
  5422 | D:6      | Reached XP level 9. HP: 26/83 MP: 9/9
  5659 | D:6      | Noticed Prince Ribbit
  5662 | D:6      | Killed Prince Ribbit
  5929 | D:7      | Mangled by an ogre

Illustrated notes

Levels and vault maps discovered:
D:1:      sevenhm_arrival_forest_fort_large_2, layout_rooms, nrook_uturn,
          nicolae_concentric_dashed_squares_wild, corner_web_ring
D:2:      layout_loops_ring, basic_altar, serial_shops, nicolae_diamond_shop
D:3:      layout_basic, nicolae_overflow_hallway_of_the_gods,
          ebering_ecumenical_altar_webs, serial_shops,
          nicolae_shop_bloodbath_and_beyond, shop, nicolae_shop_crystal,
          minmay_unequal, uniq_jessica
D:4:      layout_loops_corners, makhleb_blood_cavern_becter,
          minmay_misc_feat_roman, pf_guarded_unrand_delatra
D:5:      layout_basic, mainiacjoe_overflow_boulevard, ebering_ghost_sewer_f,
          minmay_fractal_squares_gapless_5, uniq_blork_the_orc, uniq_sigmund
D:6:      layout_rooms, serial_shops, nicolae_shop_trees,
          nicolae_lava_and_water, uniq_prince_ribbit1
D:7:      layout_gridville, minmay_temple_entry_statues_pillars, serial_shops,
          shop, kennysheep_dice, uniq_joseph, uniq_maggie

Skill      XL: |  1  2  3  4  5  6  7  8  9 |
---------------+----------------------------+-----
Armour         | 4 5 6 7 |  7.9
Axes           | 2 3 4 5 6 7 |  7.8
Fighting       | 3 4 5 |  5.5
Shields        | 4 5 |  5.4
Stealth        | 1 2 |  2.5
Dodging        | 1 |  1.0

Action                   |  1- 3 |  4- 6 |  7- 9 || total
-------------------------+-------+-------+-------++-------
Melee: War axe           |    66 |   103 |   150 ||   319
       Tailslap          |     5 |     7 |    22 ||    34
Invok: Curse Item        |       |     1 |     2 ||     3
  Use: Scroll            |       |     5 |       ||     5
       Potion            |       |       |     3 ||     3
Armor: Scale mail        |    44 |    19 |       ||    63
       Chain mail        |       |    43 |   116 ||   159
Dodge: Dodged            |    24 |    27 |    60 ||   111
Block: Buckler           |    20 |    29 |    33 ||    82

Table legend: (Time is in decaauts)
 A = Elapsed time spent in this place.
 B = Non-inter-level travel time spent in this place.
 C = Inter-level travel time spent in this place.
 D = Time resting spent in this place.
 E = Time spent auto-exploring this place.
 F = Levels seen in this place.
 G = Mean time per level.
                   A        B        C        D        E       F      G
               +--------+--------+--------+--------+--------+-----+--------+
         Total |   6034 |   6034 |      0 |   1307 |      0 |   7 |  862.0 |
       Dungeon |   6034 |   6034 |      0 |   1307 |      0 |   7 |  862.0 |
               +--------+--------+--------+--------+--------+-----+--------+

Top non-repeatable levels by time:
     D:4: 1448 daAuts
     D:5: 1324 daAuts
     D:3: 1038 daAuts
     D:1: 777 daAuts
     D:2: 763 daAuts
     D:6: 667 daAuts
     D:7: 14 daAuts
